 Dungeon Crawl Stone Soup version 0.17-a0-1497-g03599f7 (webtiles) character file.

99 urechis the Covert (level 4, -4/22 HPs)
             Began as a Spriggan Assassin on July 6, 2015.
             Killed by nerve-wracking pain
             ... invoked by Grinder
              (12 damage)
             ... on level 3 of the Dungeon.
             The game lasted 00:04:23 (2213 turns).

urechis the Covert (Spriggan Assassin)              Turns: 2213, Time: 00:04:23

Health: -4/22      AC:  6    Str:  7    XL:     4   Next: 45%
Magic:  5/5        EV: 17    Int: 12    God:
Gold:   180        SH:  0    Dex: 18    Spells: 0 memorised, 3 levels left

rFire  . . .     SeeInvis +     a - +2 dagger
rCold  . . .     Clarity  .     k - +1 robe {rN+}
rNeg   + + .     SustAt   .     (shield restricted)
rPois  .         Gourm    .     m - +2 hat
rElec  .         Spirit   .     d - +0 cloak
rCorr  .         Warding  +     (gloves unavailable)
rMut   .         Stasis   .     (boots unavailable)
MR     .....                    j - amulet of warding
Stlth  +++++.....               (no ring)
                                (no ring)

@: very quick, not resistant to hostile enchantments, quite stealthy
A: unfitting armour, see invisible, herbivore 3, speed 3, slow metabolism 2
a: no special abilities


You were on level 3 of the Dungeon.
You were not hungry.

You visited 1 branch of the dungeon, and saw 3 of its levels.

You collected 180 gold pieces.

Inventory:

Hand weapons
 a - a +2 dagger (weapon)
 b - a +0 blowgun
Missiles
 e - 32 poisoned needles
 f - 2 curare-tipped needles
Armour
 d - a +0 cloak (worn)
 k - a +1 robe of positive energy (worn)
 m - a +2 hat (worn)
Jewellery
 j - an amulet of warding (around neck)
Scrolls
 c - 2 scrolls of identify {unknown}
 n - a scroll of amnesia {unknown}
 o - a scroll of teleportation {unknown}
 q - a scroll of fear {unknown}
 r - 2 scrolls of immolation {unknown}
 s - a scroll of blinking {unknown}
 t - a scroll of noise {unknown}
 u - a scroll of remove curse {unknown}
 x - 2 scrolls of fog {unknown}
Potions
 h - a potion of invisibility {unknown}
 i - 2 potions of curing {unknown}
 l - a potion of ambrosia {unknown}
 p - a potion of heal wounds {unknown}
 v - a potion of poison {unknown}
 w - a potion of resistance {unknown}
Comestibles
 g - 3 bread rations


   Skills:
 - Level 1.5 Fighting
 * Level 3.1 Short Blades
 - Level 2.1 Throwing
 - Level 1.5 Dodging
 + Level 8.3 Stealth


You had 3 spell levels left.
You didn't know any spells.

Dungeon Overview and Level Annotations

Branches:
Dungeon (3/15)

Altars:
Fedhas
Qazlal

Annotations:
D:3 Grinder, Sigmund


Innate Abilities, Weirdness & Mutations

You are tiny and cannot use many weapons and most armour.
You have supernaturally acute eyesight.
You are a herbivore.
You cover ground extremely quickly.
You need consume almost no food.


Message History

You hit the jackal.
The jackal is severely wounded.
The jackal bites you but does no damage.
You hit the jackal but do no damage.
The jackal is severely wounded.
The jackal completely misses you.
You hit the jackal.
You kill the jackal!
No target in view!
You see here a jackal corpse.
You hit Grinder but do no damage.
Grinder is lightly wounded.
Grinder gestures at you. Pain shoots through your body!
You closely miss Grinder.
Grinder is lightly wounded.
Grinder gestures at you. Pain shoots through your body!
Ouch! That really hurt!
You die...

#.# #.#..## #.#
#######.#..#
#.###.......#..#
#...†.(........#
#####.########.#
#.# .# #.# #.#
#@# #.5......
#########


You could see Grinder.

Vanquished Creatures
  5 adders
  An ooze (D:2)
  3 giant geckos
  An orc (D:3)
  11 bats
  3 giant cockroaches
  6 goblins
  4 hobgoblins
  A jackal (D:3)
  7 kobolds
  A ball python (D:2)
  4 giant newts
  2 rats
49 creatures vanquished.

Notes
Turn   | Place    | Note
--------------------------------------------------------------
     0 | D:1      | urechis the Spriggan Assassin began the quest for the Orb.
     0 | D:1      | Reached XP level 1. HP: 10/10 MP: 2/2
     7 | D:1      | Reached skill level 6 in Stealth
   333 | D:1      | Reached XP level 2. HP: 12/14 MP: 3/3
   606 | D:1      | Reached skill level 7 in Stealth
   934 | D:2      | Reached XP level 3. HP: 16/18 MP: 4/4
  1110 | D:2      | Found a stormy altar of Qazlal.
  1229 | D:2      | Reached skill level 8 in Stealth
  1454 | D:3      | Noticed Grinder
  1550 | D:3      | Reached XP level 4. HP: 18/22 MP: 5/5
  1726 | D:3      | Found a faded altar to an unknown god.
  1865 | D:3      | Found a blossoming altar of Fedhas.
  1873 | D:3      | Noticed Sigmund
  2213 | D:3      | Killed from afar by Grinder

Vault maps used:
D:1:      minmay_arrival_split_and_join
D:2:      lemuel_upstairs_altar, nicolae_qazlal_general_emergency
D:3:      ecumenical_altar_1, tgw_fedhas, uniq_jessica, uniq_sigmund,
          uniq_grinder

Action                   |  1- 3 |  4- 6 || total
-------------------------+-------+-------++-------
Melee: Dagger            |   108 |    47 ||   155
 Stab: Sleeping          |    11 |     8 ||    19
